 Dungeon Crawl Stone Soup version 0.27-a0-1147-gb3d8e82 (webtiles) character file.

Game seed: 10015375093825260043

58 Meow the Stinger (level 4, 36/36 HPs)
             Began as a Naga Venom Mage on May 11, 2021.
             Quit the game on level 3 of the Dungeon.
             The game lasted 00:06:22 (1756 turns).

Meow the Stinger (Naga Venom Mage)                  Turns: 1756, Time: 00:06:23

Health: 36/36      AC:  4    Str: 11    XL:     4   Next: 1%
Magic:  3/8        EV:  9    Int: 16    God:
Gold:   71         SH:  0    Dex: 11    Spells: 4/8 levels left

rFire    . . .     SeeInvis +   a - +0 hunting sling
rCold    . . .     Faith    .   (no shield)
rNeg     . . .     Spirit   .   f - +0 robe
rPois    +         Reflect  .   (no helmet)
rElec    .         Harm     .   e - +0 cloak
rCorr    +         Rampage  .   p - +0 pair of gloves
Will     .....                  (no barding)
Stlth    ++........             (no amulet)
HPRegen  0.12/turn              s - ring of resist corrosion
MPRegen  0.11/turn              (no ring)

@: short of breath, very slow
A: AC +1, large, see invisible, deformed body, poison resistance, slowness 2,
spit poison 1, naga tail 1
a: Spit Poison


You were on level 3 of the Dungeon.
You visited 1 branch of the dungeon, and saw 3 of its levels.

You collected 71 gold pieces.

Inventory:

Hand Weapons
 a - a +0 hunting sling (weapon)
 b - a +0 dagger of draining
Missiles
 g - 36 arrows
 h - 16 stones
 k - 56 sling bullets (quivered ammo)
Armour
 e - a +0 cloak (worn)
 f - a +0 robe (worn)
 p - a +0 pair of gloves (worn)
Jewellery
 s - a ring of resist corrosion (left hand)
Scrolls
 c - 2 scrolls of teleportation {unknown}
 d - a scroll of fear {unknown}
 l - a scroll of magic mapping {unknown}
 m - a scroll of vulnerability {unknown}
 n - a scroll of enchant weapon {unknown}
 o - a scroll of fog {unknown}
 q - a scroll of identify {unknown}
 r - a scroll of noise {unknown}
Potions
 i - a potion of heal wounds {unknown}
 j - a potion of lignification {unknown}


   Skills:
 - Level 1.5 Dodging
 + Level 4.4 Stealth
 + Level 2.7 Spellcasting
 - Level 1.0 Transmutations
 + Level 4.9 Poison Magic


You had 4 spell levels left.
You knew the following spells:

 Your Spells              Type           Power      Damage    Failure   Level
a - Sting                 Tmut/Pois      44%        1d5       6%          1
b - Mephitic Cloud        Conj/Pois/Air  7%         N/A       30%         3

Your spell library contained the following spells:

 Spells                   Type           Power      Damage    Failure   Level
 Poisonous Vapours        Pois/Air       20%        N/A       11%         2
 Animate Skeleton         Necr           4%         N/A       19%         1
 Apportation              Tloc           4%         N/A       19%         1
 Corona                   Hex            2%         N/A       19%         1
 Summon Small Mammal      Summ           8%         N/A       19%         1
 Ignite Poison            Fire/Tmut/Pois 8%         N/A       26%         3
 Olgreb's Toxic Radiance  Pois           17%        N/A       26%         4
 Call Imp                 Summ           2%         N/A       28%         2
 Call Canine Familiar     Summ           2%         N/A       50%         3
 Summon Guardian Golem    Hex/Summ       2%         N/A       50%         3
 Summon Ice Beast         Ice/Summ       2%         N/A       88%         4
 Summon Lightning Spire   Summ/Air       2%         N/A       88%         4


Dungeon Overview and Level Annotations

Branches:
Dungeon (3/15)

Altars:
Qazlal

Annotations:
D:2 Sigmund


Innate Abilities, Weirdness & Mutations

Your serpentine skin is tough. (AC +1)
You have supernaturally acute eyesight. (SInv)
Armour fits poorly on your strangely shaped body.
Your system is resistant to poisons. (rPois)
You cover ground very slowly.
You can spit poison.
You have a snake-like lower body.


Message History

Drop what? 20/52 slots (_ for help) (? for menu, Esc to quit)
You drop a +0 short sword.
k - 55 sling bullets (gained 1)
k - 56 sling bullets (gained 1)
Found a rapier.
You pick up a book of Callings and begin reading...
You add the spells Call Imp, Call Canine Familiar, Summon Guardian Golem, Summon Lightning Spire and Summon Ice Beast to your library.
You see here a +0 rapier.
An adder comes into view.
Found 10 gold pieces.
An adder is nearby!
Press: ? - help, Shift-Dir - straight line, f - adder
Aim: an adder (asleep)
The splash of poison hits the adder.
The adder is poisoned.
The adder is heavily wounded.
The adder hisses angrily.
Unknown command.
You see here a +0 rapier.
Casting: Sting (safe; 6% risk of failure)
Confirm with . or Enter, or press ? or * to list all spells.
Aiming: Sting (safe; 6% risk of failure)
Press: ? - help, Shift-Dir - straight line, f/p - adder
Aim: an adder (heavily wounded, poisoned, 53% to hit)
The sting misses the adder.
The adder bites you but does no damage.
Casting: Sting (safe; 6% risk of failure)
Confirm with . or Enter, or press ? or * to list all spells.
Aiming: Sting (safe; 6% risk of failure)
Press: ? - help, Shift-Dir - straight line, f/p - adder
Aim: an adder (severely wounded, poisoned, 53% to hit)
The sting misses the adder.
The adder bites you but does no damage.
Casting: Sting (safe; 6% risk of failure)
Confirm with . or Enter, or press ? or * to list all spells.
Aiming: Sting (safe; 6% risk of failure)
Press: ? - help, Shift-Dir - straight line, f/p - adder
Aim: an adder (almost dead, poisoned, 53% to hit)
The sting hits the adder.
The adder looks even sicker.
You kill the adder!
You have reached level 4!
You feel stronger.
Are you sure you want to abandon this character and quit the game? (Confirm with "yes".)

#.......#########
#..
#....#.#........#
#..
#....#.#.######.#
#.. #....#.#.#
#.# #..
........#.# #.#
#.. .#####..#.#
#.# #.. #..#.#
#.# ### #..#.#
#.######### #@#
#........## #.#
########.##
...$S...# #...
######### ####


There were no monsters in sight!

Vanquished Creatures
  2 adders
  A dart slug (D:2)
  3 endoplasms (D:3)
  6 hobgoblins
  2 jackals (D:2)
  A kobold (D:3)
  3 quokkas
  5 ball pythons
  5 bats
  2 goblins (D:1)
  5 rats
35 creatures vanquished.

Notes
Turn   | Place    | Note
-------+----------+-------------------------------------------
     0 | D:1      | Meow the Naga Venom Mage began the quest for the Orb.
     0 | D:1      | Reached XP level 1. HP: 15/15 MP: 3/3
   134 | D:1      | Reached XP level 2. HP: 19/19 MP: 3/5
  1094 | D:2      | Noticed Sigmund
  1121 | D:2      | Reached XP level 3. HP: 28/28 MP: 4/6
  1125 | D:2      | Learned a level 3 spell: Mephitic Cloud
  1169 | D:2      | Found a faded altar of an unknown god.
  1191 | D:2      | Found a stormy altar of Qazlal.
  1756 | D:3      | Reached XP level 4. HP: 36/36 MP: 3/8
  1756 | D:3      | Quit the game

Illustrated notes

Levels and vault maps discovered:
D:1:      minmay_arrival_open_corners, layout_loops_ring,
          kennysheep_another_room, minmay_misc_feat_tower, lemuel_flame_loot_1
D:2:      layout_loops_ring, basic_altar,
          hellmonk_ecumenical_altar_inner_sanctum, minmay_rat_gold_closets,
          uniq_sigmund
D:3:      minmay_spotlight, layout_basic, kennysheep_generic_room_8

Skill      XL: |  1  2 |
---------------+-------+-----
Stealth        | 4 |  4.4
Dodging        | |  1.5
Spellcasting   | |  2.7
Transmutations | |  1.0
Poison Magic   | |  4.9

Action                   |  1- 3 |  4- 6 || total
-------------------------+-------+-------++-------
Melee: Dagger            |     1 |       ||     1
 Fire: Hunting sling     |    13 |       ||    13
 Cast: Sting             |    18 |       ||    18
 Abil: Spit Poison       |    37 |       ||    37
Armor: Robe              |     6 |       ||     6
Dodge: Dodged            |     6 |       ||     6

Table legend: (Time is in decaauts)
 A = Elapsed time spent in this place.
 B = Non-inter-level travel time spent in this place.
 C = Inter-level travel time spent in this place.
 D = Time resting spent in this place.
 E = Time spent auto-exploring this place.
 F = Levels seen in this place.
 G = Mean time per level.
                   A        B        C        D        E       F      G
               +--------+--------+--------+--------+--------+-----+--------+
         Total |   2376 |   2214 |    162 |     13 |   1733 |   3 |  792.0 |
       Dungeon |   2376 |   2214 |    162 |     13 |   1733 |   3 |  792.0 |
               +--------+--------+--------+--------+--------+-----+--------+

Top non-repeatable levels by time:
     D:1: 1264 daAuts
     D:3: 710 daAuts
     D:2: 401 daAuts
